Workbook

Sheet README_Mode_Emploi
A1: MODE D'EMPLOI — Modèle Excel Complet de Gestion des Risques (ERM) — Version Automatisée Parcours recommandé : 1) Paramétrez vos seuils dans 'Risk_Appetite' (Low/Medium/High/Critical). 2) Renseignez/complétez le 'Risk_Register' (préfilié) pour vos risques. 3) Déclarez vos 'Controls_Library' (préfiliée) et liez-les aux risques. 4) Définissez vos actions dans 'Action_Plan' (préfiliée) et suivez leur avancement. 5) Visualisez la matrice 5x5 (inhérente & résiduelle) dans 'Risk_Matrix'. 6) Pilotez via 'Dashboard' (KPIs, répartitions, alertes, échéances < 7 jours). 7) Consultez 'Flux_Risque' pour la descendance des flux du processus ERM. Automatisations ajoutées : - Codes risque auto (R-0001…), âge du risque (jours), prochaine revue automatique selon vélocité, jours restants avant revue, drapeau d'escalade (Residual High/Critical et action non Close). - Actions : statut de santé (On Track / At Risk / Late), surlignage couleurs et indicateurs KPI (Due in 7 days). - Dashboard enrichi (Due next 7 days, moyenne du score résiduel, distribution par vélocité). Notes : formules en anglais pour compatibilité Excel internationale (IF, COUNTIF, COUNTIFS, TODAY, AVERAGEIF).

Sheet Risk_Appetite
A1: Risk Appetite — Thresholds for Risk Levels
A2: Level | B2: Max Score | C2: Comment
A3: Low | B3: 6 | C3: Scores ≤ this are Low
A4: Medium | B4: 12 | C4: Scores ≤ this are Medium
A5: High | B5: 19 | C5: Scores ≤ this are High
A6: Critical | B6: 25 | C6: Above High is Critical (max 25)

Sheet Risk_Register
A1: Risk Register — Identification, Assessment, Response & Monitoring (Automated)
A2: ID | B2: Category | C2: Risk Title | D2: Description | E2: Cause | F2: Consequence | G2: Inh Likelihood (1-5) | H2: Inh Impact (1-5) | I2: Inh Score | J2: Inh Level | K2: Controls (Names) | L2: Control Effectiveness | M2: Res Likelihood (1-5) | N2: Res Impact (1-5) | O2: Res Score | P2: Res Level | Q2: Owner | R2: Response Strategy | S2: Action IDs | T2: Due Date | U2: Status | V2: Velocity | W2: Review Date | X2: Last Updated | Y2: Notes | Z2: Risk Code | AA2: Risk Age (days) | AB2: Next Review (auto) | AC2: Days to Review | AD2: Escalate?
A3: 1 | B3: Operational | C3: Stockout in critical SKUs | D3: Demand spike and supplier delay | E3: Single-source supplier | F3: Lost sales, service level drop | G3: 3 | H3: 4 | I3: =G3*H3 | J3: =IF(I3<=Risk_Appetite!$B$3,"Low",IF(I3<=Risk_Appetite!$B$4,"Medium",IF(I3<=Risk_Appetite!$B$5,"High","Critical"))) | K3: Safety stock policy; reorder point | L3: Moderate | M3: 2 | N3: 3 | O3: =M3*N3 | P3: =IF(O3<=Risk_Appetite!$B$3,"Low",IF(O3<=Risk_Appetite!$B$4,"Medium",IF(O3<=Risk_Appetite!$B$5,"High","Critical"))) | Q3: Supply Manager | R3: Reduce | S3: A-001 | T3: 2025-09-15 | U3: Open | V3: Fast | W3: 2025-08-30 | X3: 2025-08-15 | Y3: Increase alternate suppliers | Z3: ="R-"&TEXT(A3,"0000") | AA3: =IF(X3<>"",TODAY()-X3,"") | AB3: =IF(V3="Fast",TODAY()+30,IF(V3="Medium",TODAY()+60,TODAY()+90)) | AC3: =AA3-TODAY() | AD3: =IF(AND(OR(P3="High",P3="Critical"),U3<>"Closed"),"Yes","No")
A4: 2 | B4: IT | C4: Ransomware on ERP | D4: Phishing leads to credential theft | E4: Weak MFA adoption | F4: Systems down, data loss | G4: 3 | H4: 5 | I4: =G4*H4 | J4: =IF(I4<=Risk_Appetite!$B$3,"Low",IF(I4<=Risk_Appetite!$B$4,"Medium",IF(I4<=Risk_Appetite!$B$5,"High","Critical"))) | K4: EDR + backups; awareness | L4: Strong | M4: 2 | N4: 4 | O4: =M4*N4 | P4: =IF(O4<=Risk_Appetite!$B$3,"Low",IF(O4<=Risk_Appetite!$B$4,"Medium",IF(O4<=Risk_Appetite!$B$5,"High","Critical"))) | Q4: CISO | R4: Reduce | S4: A-010 | T4: 2025-08-31 | U4: In progress | V4: Fast | W4: 2025-08-20 | X4: 2025-08-15 | Y4: Rollout MFA company-wide | Z4: ="R-"&TEXT(A4,"0000") | AA4: =IF(X4<>"",TODAY()-X4,"") | AB4: =IF(V4="Fast",TODAY()+30,IF(V4="Medium",TODAY()+60,TODAY()+90)) | AC4: =AA4-TODAY() | AD4: =IF(AND(OR(P4="High",P4="Critical"),U4<>"Closed"),"Yes","No")
A5: 3 | B5: Compliance | C5: Late regulatory filings | D5: Manual steps and lack of checklist | E5: Process gaps | F5: Fines and reputation | G5: 3 | H5: 4 | I5: =G5*H5 | J5: =IF(I5<=Risk_Appetite!$B$3,"Low",IF(I5<=Risk_Appetite!$B$4,"Medium",IF(I5<=Risk_Appetite!$B$5,"High","Critical"))) | K5: Checklist + deadline tracker | L5: Moderate | M5: 2 | N5: 3 | O5: =M5*N5 | P5: =IF(O5<=Risk_Appetite!$B$3,"Low",IF(O5<=Risk_Appetite!$B$4,"Medium",IF(O5<=Risk_Appetite!$B$5,"High","Critical"))) | Q5: Compliance Lead | R5: Reduce | S5: A-020 | T5: 2025-10-10 | U5: Open | V5: Medium | W5: 2025-08-10 | X5: 2025-08-15 | Y5: Implement calendar alerts | Z5: ="R-"&TEXT(A5,"0000") | AA5: =IF(X5<>"",TODAY()-X5,"") | AB5: =IF(V5="Fast",TODAY()+30,IF(V5="Medium",TODAY()+60,TODAY()+90)) | AC5: =AA5-TODAY() | AD5: =IF(AND(OR(P5="High",P5="Critical"),U5<>"Closed"),"Yes","No")
A6: 4 | B6: Financial | C6: FX volatility on imports | D6: Unhedged exposure | E6: Rate swings | F6: Margin erosion | G6: 2 | H6: 4 | I6: =G6*H6 | J6: =IF(I6<=Risk_Appetite!$B$3,"Low",IF(I6<=Risk_Appetite!$B$4,"Medium",IF(I6<=Risk_Appetite!$B$5,"High","Critical"))) | K6: Hedging policy | L6: Moderate | M6: 2 | N6: 3 | O6: =M6*N6 | P6: =IF(O6<=Risk_Appetite!$B$3,"Low",IF(O6<=Risk_Appetite!$B$4,"Medium",IF(O6<=Risk_Appetite!$B$5,"High","Critical"))) | Q6: Treasurer | R6: Transfer | S6: A-030 | T6: 2025-09-30 | U6: Open | V6: Medium | W6: 2025-08-18 | X6: 2025-08-15 | Y6: Start forward contracts | Z6: ="R-"&TEXT(A6,"0000") | AA6: =IF(X6<>"",TODAY()-X6,"") | AB6: =IF(V6="Fast",TODAY()+30,IF(V6="Medium",TODAY()+60,TODAY()+90)) | AC6: =AA6-TODAY() | AD6: =IF(AND(OR(P6="High",P6="Critical"),U6<>"Closed"),"Yes","No")
A7: 5 | B7: Security | C7: Privilege escalation | D7: Excessive admin rights | E7: Poor RBAC | F7: Data breaches | G7: 3 | H7: 4 | I7: =G7*H7 | J7: =IF(I7<=Risk_Appetite!$B$3,"Low",IF(I7<=Risk_Appetite!$B$4,"Medium",IF(I7<=Risk_Appetite!$B$5,"High","Critical"))) | K7: IAM reviews | L7: Moderate | M7: 2 | N7: 3 | O7: =M7*N7 | P7: =IF(O7<=Risk_Appetite!$B$3,"Low",IF(O7<=Risk_Appetite!$B$4,"Medium",IF(O7<=Risk_Appetite!$B$5,"High","Critical"))) | Q7: IT Sec Manager | R7: Reduce | S7: A-040 | T7: 2025-09-05 | U7: Open | V7: Fast | W7: 2025-08-22 | X7: 2025-08-15 | Y7: Revoke unnecessary rights | Z7: ="R-"&TEXT(A7,"0000") | AA7: =IF(X7<>"",TODAY()-X7,"") | AB7: =IF(V7="Fast",TODAY()+30,IF(V7="Medium",TODAY()+60,TODAY()+90)) | AC7: =AA7-TODAY() | AD7: =IF(AND(OR(P7="High",P7="Critical"),U7<>"Closed"),"Yes","No")
A8: 6 | B8: HSE | C8: Forklift collisions | D8: Narrow lanes | E8: Layout constraints | F8: Injury risk | G8: 2 | H8: 5 | I8: =G8*H8 | J8: =IF(I8<=Risk_Appetite!$B$3,"Low",IF(I8<=Risk_Appetite!$B$4,"Medium",IF(I8<=Risk_Appetite!$B$5,"High","Critical"))) | K8: Signage; training; speed control | L8: Moderate | M8: 1 | N8: 4 | O8: =M8*N8 | P8: =IF(O8<=Risk_Appetite!$B$3,"Low",IF(O8<=Risk_Appetite!$B$4,"Medium",IF(O8<=Risk_Appetite!$B$5,"High","Critical"))) | Q8: HSE Manager | R8: Reduce | S8: A-050 | T8: 2025-09-25 | U8: Open | V8: Slow | W8: 2025-08-15 | X8: 2025-08-15 | Y8: Repaint lanes, add mirrors | Z8: ="R-"&TEXT(A8,"0000") | AA8: =IF(X8<>"",TODAY()-X8,"") | AB8: =IF(V8="Fast",TODAY()+30,IF(V8="Medium",TODAY()+60,TODAY()+90)) | AC8: =AA8-TODAY() | AD8: =IF(AND(OR(P8="High",P8="Critical"),U8<>"Closed"),"Yes","No")
A9: 7 | B9: Project | C9: Scope creep | D9: Weak change control | E9: Stakeholder requests | F9: Budget/time overrun | G9: 3 | H9: 3 | I9: =G9*H9 | J9: =IF(I9<=Risk_Appetite!$B$3,"Low",IF(I9<=Risk_Appetite!$B$4,"Medium",IF(I9<=Risk_Appetite!$B$5,"High","Critical"))) | K9: Change board | L9: Moderate | M9: 2 | N9: 3 | O9: =M9*N9 | P9: =IF(O9<=Risk_Appetite!$B$3,"Low",IF(O9<=Risk_Appetite!$B$4,"Medium",IF(O9<=Risk_Appetite!$B$5,"High","Critical"))) | Q9: PMO | R9: Avoid | S9: A-060 | T9: 2025-10-05 | U9: Open | V9: Medium | W9: 2025-08-12 | X9: 2025-08-15 | Y9: Enforce change requests | Z9: ="R-"&TEXT(A9,"0000") | AA9: =IF(X9<>"",TODAY()-X9,"") | AB9: =IF(V9="Fast",TODAY()+30,IF(V9="Medium",TODAY()+60,TODAY()+90)) | AC9: =AA9-TODAY() | AD9: =IF(AND(OR(P9="High",P9="Critical"),U9<>"Closed"),"Yes","No")
A10: 8 | B10: Reputational | C10: Social media backlash | D10: Poor crisis response | E10: Delayed communications | F10: Brand damage | G10: 2 | H10: 4 | I10: =G10*H10 | J10: =IF(I10<=Risk_Appetite!$B$3,"Low",IF(I10<=Risk_Appetite!$B$4,"Medium",IF(I10<=Risk_Appetite!$B$5,"High","Critical"))) | K10: Crisis comms plan | L10: Strong | M10: 2 | N10: 3 | O10: =M10*N10 | P10: =IF(O10<=Risk_Appetite!$B$3,"Low",IF(O10<=Risk_Appetite!$B$4,"Medium",IF(O10<=Risk_Appetite!$B$5,"High","Critical"))) | Q10: Comms Director | R10: Reduce | S10: A-070 | T10: 2025-09-18 | U10: Open | V10: Fast | W10: 2025-08-25 | X10: 2025-08-15 | Y10: Crisis playbook drills | Z10: ="R-"&TEXT(A10,"0000") | AA10: =IF(X10<>"",TODAY()-X10,"") | AB10: =IF(V10="Fast",TODAY()+30,IF(V10="Medium",TODAY()+60,TODAY()+90)) | AC10: =AA10-TODAY() | AD10: =IF(AND(OR(P10="High",P10="Critical"),U10<>"Closed"),"Yes","No")
A11: 9 | B11: Strategic | C11: Key customer churn | D11: Weak value proposition | E11: Competitor offers | F11: Revenue loss | G11: 3 | H11: 4 | I11: =G11*H11 | J11: =IF(I11<=Risk_Appetite!$B$3,"Low",IF(I11<=Risk_Appetite!$B$4,"Medium",IF(I11<=Risk_Appetite!$B$5,"High","Critical"))) | K11: Customer success program | L11: Moderate | M11: 2 | N11: 3 | O11: =M11*N11 | P11: =IF(O11<=Risk_Appetite!$B$3,"Low",IF(O11<=Risk_Appetite!$B$4,"Medium",IF(O11<=Risk_Appetite!$B$5,"High","Critical"))) | Q11: Sales Director | R11: Reduce | S11: A-080 | T11: 2025-10-20 | U11: Open | V11: Medium | W11: 2025-08-28 | X11: 2025-08-15 | Y11: Renewal playbook | Z11: ="R-"&TEXT(A11,"0000") | AA11: =IF(X11<>"",TODAY()-X11,"") | AB11: =IF(V11="Fast",TODAY()+30,IF(V11="Medium",TODAY()+60,TODAY()+90)) | AC11: =AA11-TODAY() | AD11: =IF(AND(OR(P11="High",P11="Critical"),U11<>"Closed"),"Yes","No")
A12: 10 | B12: Strategic | C12: Key customer churn (site B) | D12: Weak value proposition | E12: Competitor offers | F12: Revenue loss | G12: 3 | H12: 4 | I12: =G12*H12 | J12: =IF(I12<=Risk_Appetite!$B$3,"Low",IF(I12<=Risk_Appetite!$B$4,"Medium",IF(I12<=Risk_Appetite!$B$5,"High","Critical"))) | K12: Customer success program | L12: Moderate | M12: 2 | N12: 3 | O12: =M12*N12 | P12: =IF(O12<=Risk_Appetite!$B$3,"Low",IF(O12<=Risk_Appetite!$B$4,"Medium",IF(O12<=Risk_Appetite!$B$5,"High","Critical"))) | Q12: Sales Director | R12: Reduce | S12: A-080 | T12: 2025-09-10 | U12: In progress | V12: Fast | W12: 2025-08-28 | X12: 2025-08-15 | Y12: Renewal playbook (extended) | Z12: ="R-"&TEXT(A12,"0000") | AA12: =IF(X12<>"",TODAY()-X12,"") | AB12: =IF(V12="Fast",TODAY()+30,IF(V12="Medium",TODAY()+60,TODAY()+90)) | AC12: =AA12-TODAY() | AD12: =IF(AND(OR(P12="High",P12="Critical"),U12<>"Closed"),"Yes","No")
A13: 11 | B13: Strategic | C13: Key customer churn (site B) (site B) | D13: Weak value proposition | E13: Competitor offers | F13: Revenue loss | G13: 3 | H13: 4 | I13: =G13*H13 | J13: =IF(I13<=Risk_Appetite!$B$3,"Low",IF(I13<=Risk_Appetite!$B$4,"Medium",IF(I13<=Risk_Appetite!$B$5,"High","Critical"))) | K13: Customer success program | L13: Moderate | M13: 2 | N13: 3 | O13: =M13*N13 | P13: =IF(O13<=Risk_Appetite!$B$3,"Low",IF(O13<=Risk_Appetite!$B$4,"Medium",IF(O13<=Risk_Appetite!$B$5,"High","Critical"))) | Q13: Sales Director | R13: Reduce | S13: A-080 | T13: 2025-10-15 | U13: Open | V13: Medium | W13: 2025-08-28 | X13: 2025-08-15 | Y13: Renewal playbook (extended) (extended) | Z13: ="R-"&TEXT(A13,"0000") | AA13: =IF(X13<>"",TODAY()-X13,"") | AB13: =IF(V13="Fast",TODAY()+30,IF(V13="Medium",TODAY()+60,TODAY()+90)) | AC13: =AA13-TODAY() | AD13: =IF(AND(OR(P13="High",P13="Critical"),U13<>"Closed"),"Yes","No")
A14: 12 | B14: Strategic | C14: Key customer churn (site B) (site B) (site B) | D14: Weak value proposition | E14: Competitor offers | F14: Revenue loss | G14: 3 | H14: 4 | I14: =G14*H14 | J14: =IF(I14<=Risk_Appetite!$B$3,"Low",IF(I14<=Risk_Appetite!$B$4,"Medium",IF(I14<=Risk_Appetite!$B$5,"High","Critical"))) | K14: Customer success program | L14: Moderate | M14: 2 | N14: 3 | O14: =M14*N14 | P14: =IF(O14<=Risk_Appetite!$B$3,"Low",IF(O14<=Risk_Appetite!$B$4,"Medium",IF(O14<=Risk_Appetite!$B$5,"High","Critical"))) | Q14: Sales Director | R14: Reduce | S14: A-080 | T14: 2025-09-10 | U14: In progress | V14: Fast | W14: 2025-08-28 | X14: 2025-08-15 | Y14: Renewal playbook (extended) (extended) (extended) | Z14: ="R-"&TEXT(A14,"0000") | AA14: =IF(X14<>"",TODAY()-X14,"") | AB14: =IF(V14="Fast",TODAY()+30,IF(V14="Medium",TODAY()+60,TODAY()+90)) | AC14: =AA14-TODAY() | AD14: =IF(AND(OR(P14="High",P14="Critical"),U14<>"Closed"),"Yes","No")
... A32: 30 | B32: Strategic | C32: Key customer churn (site B) (site B) (site B) (site B) (site B) (site B) (site B) (site B) (site B) (site B) (site B) (site B) (site B) (site B) (site B) (site B) (site B) (site B) (site B) (site B) (site B) | D32: Weak value proposition | E32: Competitor offers | F32: Revenue loss | G32: 3 | H32: 4 | I32: =G32*H32 | J32: =IF(I32<=Risk_Appetite!$B$3,"Low",IF(I32<=Risk_Appetite!$B$4,"Medium",IF(I32<=Risk_Appetite!$B$5,"High","Critical"))) | K32: Customer success program | L32: Moderate | M32: 2 | N32: 3 | O32: =M32*N32 | P32: =IF(O32<=Risk_Appetite!$B$3,"Low",IF(O32<=Risk_Appetite!$B$4,"Medium",IF(O32<=Risk_Appetite!$B$5,"High","Critical"))) | Q32: Sales Director | R32: Reduce | S32: A-080 | T32: 2025-09-10 | U32: In progress | V32: Fast | W32: 2025-08-28 | X32: 2025-08-15 | Y32: Renewal playbook (extended) (extended) (extended) (extended) (extended) (extended) (extended) (extended) (extended) (extended) (extended) (extended) (extended) (extended) (extended) (extended) (extended) (extended) (extended) (extended) (extended) | Z32: ="R-"&TEXT(A32,"0000") | AA32: =IF(X32<>"",TODAY()-X32,"") | AB32: =IF(V32="Fast",TODAY()+30,IF(V32="Medium",TODAY()+60,TODAY()+90)) | AC32: =AA32-TODAY() | AD32: =IF(AND(OR(P32="High",P32="Critical"),U32<>"Closed"),"Yes","No")

Sheet Controls_Library
A1: Controls Library — Inventory & Effectiveness
A2: Ctrl ID | B2: Control Name | C2: Type (Prev/Det/Cor) | D2: Frequency | E2: Owner | F2: Effectiveness | G2: Documentation | H2: Notes
A3: C-001 | B3: Dual approval > threshold | C3: Preventive | D3: Per transaction | E3: CFO | F3: Strong | G3: Policy AP-07; ERP rule
A4: C-002 | B4: Three-way match (PO/GRN/Invoice) | C4: Preventive | D4: Per transaction | E4: AP Manager | F4: Moderate | G4: AP-09 procedure
A5: C-003 | B5: Supplier master review | C5: Detective | D5: Monthly | E5: Procurement | F5: Moderate | G5: Vendor change log review
A6: C-004 | B6: User access review (ERP) | C6: Detective | D6: Quarterly | E6: IT Sec | F6: Strong | G6: Access recertification report
A7: C-005 | B7: Backup restore test | C7: Detective | D7: Monthly | E7: IT Ops | F7: Moderate | G7: Restore logs
A8: C-006 | B8: Patch management | C8: Preventive | D8: Monthly | E8: IT Ops | F8: Moderate | G8: Patch calendar
A9: C-007 | B9: Anti-phishing awareness | C9: Preventive | D9: Quarterly | E9: HR/IT | F9: Moderate | G9: Training records
A10: C-008 | B10: Incident response drill | C10: Detective | D10: Semi-annual | E10: Security | F10: Moderate | G10: IR playbook
A11: C-009 | B11: SOX key controls testing | C11: Detective | D11: Quarterly | E11: Internal Audit | F11: Strong | G11: Testing scripts
A12: C-010 | B12: Quality inspection sampling | C12: Detective | D12: Per batch | E12: Quality | F12: Moderate | G12: QC checklist

Sheet Action_Plan
A1: Action Plan — Risk Treatment & Closure (Automated Health)
A2: Action ID | B2: Risk ID | C2: Action | D2: Owner | E2: Priority | F2: Due Date | G2: % Complete | H2: Status | I2: Comment | J2: Closed Date | K2: Days Remaining | L2: Overdue? | M2: Health
A3: A-001 | B3: 1 | C3: Qualify two alternate suppliers | D3: Supply Manager | E3: High | F3: 2025-09-15 | G3: 0.2 | H3: Open | I3: RFQ launched | K3: =IF(F3<>"",F3-TODAY(),"") | L3: =IF(AND(H3<>"Closed",F3<TODAY()),"Yes","No") | M3: =IF(L3="Yes","Late",IF(AND(H3="In progress",G3<0.5,F3-TODAY()<=7),"At Risk","On Track"))
A4: A-002 | B4: 1 | C4: Revise safety stock parameters | D4: Supply Manager | E4: Medium | F4: 2025-09-05 | G4: 0.1 | H4: Open | I4: Param tuning | K4: =IF(F4<>"",F4-TODAY(),"") | L4: =IF(AND(H4<>"Closed",F4<TODAY()),"Yes","No") | M4: =IF(L4="Yes","Late",IF(AND(H4="In progress",G4<0.5,F4-TODAY()<=7),"At Risk","On Track"))
A5: A-010 | B5: 2 | C5: Enforce MFA across ERP users | D5: CISO | E5: Critical | F5: 2025-08-31 | G5: 0.6 | H5: In progress | I5: Pilot completed | K5: =IF(F5<>"",F5-TODAY(),"") | L5: =IF(AND(H5<>"Closed",F5<TODAY()),"Yes","No") | M5: =IF(L5="Yes","Late",IF(AND(H5="In progress",G5<0.5,F5-TODAY()<=7),"At Risk","On Track"))
A6: A-011 | B6: 2 | C6: Phishing simulation campaign | D6: IT Sec | E6: High | F6: 2025-09-10 | G6: 0.3 | H6: Open | I6: Campaign planned | K6: =IF(F6<>"",F6-TODAY(),"") | L6: =IF(AND(H6<>"Closed",F6<TODAY()),"Yes","No") | M6: =IF(L6="Yes","Late",IF(AND(H6="In progress",G6<0.5,F6-TODAY()<=7),"At Risk","On Track"))
A7: A-020 | B7: 3 | C7: Regulatory calendar rollout | D7: Compliance Lead | E7: Medium | F7: 2025-10-10 | G7: 0.4 | H7: Open | I7: Template ready | K7: =IF(F7<>"",F7-TODAY(),"") | L7: =IF(AND(H7<>"Closed",F7<TODAY()),"Yes","No") | M7: =IF(L7="Yes","Late",IF(AND(H7="In progress",G7<0.5,F7-TODAY()<=7),"At Risk","On Track"))
A8: A-030 | B8: 4 | C8: Execute forward contracts | D8: Treasurer | E8: High | F8: 2025-09-30 | G8: 0.2 | H8: Open | I8: Quotes requested | K8: =IF(F8<>"",F8-TODAY(),"") | L8: =IF(AND(H8<>"Closed",F8<TODAY()),"Yes","No") | M8: =IF(L8="Yes","Late",IF(AND(H8="In progress",G8<0.5,F8-TODAY()<=7),"At Risk","On Track"))
A9: A-040 | B9: 5 | C9: Tighten admin rights | D9: IT Sec Manager | E9: High | F9: 2025-09-05 | G9: 0.5 | H9: In progress | I9: RBAC cleanup | K9: =IF(F9<>"",F9-TODAY(),"") | L9: =IF(AND(H9<>"Closed",F9<TODAY()),"Yes","No") | M9: =IF(L9="Yes","Late",IF(AND(H9="In progress",G9<0.5,F9-TODAY()<=7),"At Risk","On Track"))
A10: A-050 | B10: 6 | C10: Repaint lanes, add mirrors | D10: HSE Manager | E10: Medium | F10: 2025-09-25 | G10: 0.3 | H10: Open | I10: Materials ordered | K10: =IF(F10<>"",F10-TODAY(),"") | L10: =IF(AND(H10<>"Closed",F10<TODAY()),"Yes","No") | M10: =IF(L10="Yes","Late",IF(AND(H10="In progress",G10<0.5,F10-TODAY()<=7),"At Risk","On Track"))
A11: A-060 | B11: 7 | C11: Enforce change request form | D11: PMO | E11: High | F11: 2025-10-05 | G11: 0.2 | H11: Open | I11: Form drafted | K11: =IF(F11<>"",F11-TODAY(),"") | L11: =IF(AND(H11<>"Closed",F11<TODAY()),"Yes","No") | M11: =IF(L11="Yes","Late",IF(AND(H11="In progress",G11<0.5,F11-TODAY()<=7),"At Risk","On Track"))
A12: A-070 | B12: 8 | C12: Crisis playbook drill | D12: Comms Director | E12: Medium | F12: 2025-09-18 | G12: 0.1 | H12: Open | I12: Drill scheduled | K12: =IF(F12<>"",F12-TODAY(),"") | L12: =IF(AND(H12<>"Closed",F12<TODAY()),"Yes","No") | M12: =IF(L12="Yes","Late",IF(AND(H12="In progress",G12<0.5,F12-TODAY()<=7),"At Risk","On Track"))
A13: A-080 | B13: 9 | C13: Renewal playbook rollout | D13: Sales Director | E13: High | F13: 2025-10-20 | G13: 0.15 | H13: Open | I13: Kickoff set | K13: =IF(F13<>"",F13-TODAY(),"") | L13: =IF(AND(H13<>"Closed",F13<TODAY()),"Yes","No") | M13: =IF(L13="Yes","Late",IF(AND(H13="In progress",G13<0.5,F13-TODAY()<=7),"At Risk","On Track"))
A14: A-112 | B14: 4 | C14: Generic mitigation step 12 | D14: Owner 12 | E14: Medium | F14: 2025-10-15 | G14: 0.1 | H14: Open | K14: =IF(F14<>"",F14-TODAY(),"") | L14: =IF(AND(H14<>"Closed",F14<TODAY()),"Yes","No") | M14: =IF(L14="Yes","Late",IF(AND(H14="In progress",G14<0.5,F14-TODAY()<=7),"At Risk","On Track"))
A15: A-113 | B15: 5 | C15: Generic mitigation step 13 | D15: Owner 13 | E15: Medium | F15: 2025-10-15 | G15: 0.1 | H15: Open | K15: =IF(F15<>"",F15-TODAY(),"") | L15: =IF(AND(H15<>"Closed",F15<TODAY()),"Yes","No") | M15: =IF(L15="Yes","Late",IF(AND(H15="In progress",G15<0.5,F15-TODAY()<=7),"At Risk","On Track"))
A16: A-114 | B16: 6 | C16: Generic mitigation step 14 | D16: Owner 14 | E16: Medium | F16: 2025-10-15 | G16: 0.1 | H16: Open | K16: =IF(F16<>"",F16-TODAY(),"") | L16: =IF(AND(H16<>"Closed",F16<TODAY()),"Yes","No") | M16: =IF(L16="Yes","Late",IF(AND(H16="In progress",G16<0.5,F16-TODAY()<=7),"At Risk","On Track"))
A17: A-115 | B17: 7 | C17: Generic mitigation step 15 | D17: Owner 15 | E17: Medium | F17: 2025-10-15 | G17: 0.1 | H17: Open | K17: =IF(F17<>"",F17-TODAY(),"") | L17: =IF(AND(H17<>"Closed",F17<TODAY()),"Yes","No") | M17: =IF(L17="Yes","Late",IF(AND(H17="In progress",G17<0.5,F17-TODAY()<=7),"At Risk","On Track"))
A18: A-116 | B18: 8 | C18: Generic mitigation step 16 | D18: Owner 16 | E18: Medium | F18: 2025-10-15 | G18: 0.1 | H18: Open | K18: =IF(F18<>"",F18-TODAY(),"") | L18: =IF(AND(H18<>"Closed",F18<TODAY()),"Yes","No") | M18: =IF(L18="Yes","Late",IF(AND(H18="In progress",G18<0.5,F18-TODAY()<=7),"At Risk","On Track"))
A19: A-117 | B19: 9 | C19: Generic mitigation step 17 | D19: Owner 17 | E19: Medium | F19: 2025-10-15 | G19: 0.1 | H19: Open | K19: =IF(F19<>"",F19-TODAY(),"") | L19: =IF(AND(H19<>"Closed",F19<TODAY()),"Yes","No") | M19: =IF(L19="Yes","Late",IF(AND(H19="In progress",G19<0.5,F19-TODAY()<=7),"At Risk","On Track"))
A20: A-118 | B20: 1 | C20: Generic mitigation step 18 | D20: Owner 18 | E20: Medium | F20: 2025-10-15 | G20: 0.1 | H20: Open | K20: =IF(F20<>"",F20-TODAY(),"") | L20: =IF(AND(H20<>"Closed",F20<TODAY()),"Yes","No") | M20: =IF(L20="Yes","Late",IF(AND(H20="In progress",G20<0.5,F20-TODAY()<=7),"At Risk","On Track"))
A21: A-119 | B21: 2 | C21: Generic mitigation step 19 | D21: Owner 19 | E21: Medium | F21: 2025-10-15 | G21: 0.1 | H21: Open | K21: =IF(F21<>"",F21-TODAY(),"") | L21: =IF(AND(H21<>"Closed",F21<TODAY()),"Yes","No") | M21: =IF(L21="Yes","Late",IF(AND(H21="In progress",G21<0.5,F21-TODAY()<=7),"At Risk","On Track"))
A22: A-120 | B22: 3 | C22: Generic mitigation step 20 | D22: Owner 20 | E22: Medium | F22: 2025-10-15 | G22: 0.1 | H22: Open | K22: =IF(F22<>"",F22-TODAY(),"") | L22: =IF(AND(H22<>"Closed",F22<TODAY()),"Yes","No") | M22: =IF(L22="Yes","Late",IF(AND(H22="In progress",G22<0.5,F22-TODAY()<=7),"At Risk","On Track"))

Sheet Risk_Matrix
A1: Risk Matrix — Inherent & Residual (5x5)
B3: INHERENT — Count of Risks | I3: RESIDUAL — Count of Risks
B4: I1 | C4: I2 | D4: I3 | E4: I4 | F4: I5 | I4: I1 | J4: I2 | K4: I3 | L4: I4 | M4: I5
B5: =COUNTIFS(Risk_Register!$G$3:$G$9999,1,Risk_Register!$H$3:$H$9999,1) | C5: =COUNTIFS(Risk_Register!$G$3:$G$9999,1,Risk_Register!$H$3:$H$9999,2) | D5: =COUNTIFS(Risk_Register!$G$3:$G$9999,1,Risk_Register!$H$3:$H$9999,3) | E5: =COUNTIFS(Risk_Register!$G$3:$G$9999,1,Risk_Register!$H$3:$H$9999,4) | F5: =COUNTIFS(Risk_Register!$G$3:$G$9999,1,Risk_Register!$H$3:$H$9999,5) | I5: =COUNTIFS(Risk_Register!$M$3:$M$9999,1,Risk_Register!$N$3:$N$9999,1) | J5: =COUNTIFS(Risk_Register!$M$3:$M$9999,1,Risk_Register!$N$3:$N$9999,2) | K5: =COUNTIFS(Risk_Register!$M$3:$M$9999,1,Risk_Register!$N$3:$N$9999,3) | L5: =COUNTIFS(Risk_Register!$M$3:$M$9999,1,Risk_Register!$N$3:$N$9999,4) | M5: =COUNTIFS(Risk_Register!$M$3:$M$9999,1,Risk_Register!$N$3:$N$9999,5)
B6: =COUNTIFS(Risk_Register!$G$3:$G$9999,2,Risk_Register!$H$3:$H$9999,1) | C6: =COUNTIFS(Risk_Register!$G$3:$G$9999,2,Risk_Register!$H$3:$H$9999,2) | D6: =COUNTIFS(Risk_Register!$G$3:$G$9999,2,Risk_Register!$H$3:$H$9999,3) | E6: =COUNTIFS(Risk_Register!$G$3:$G$9999,2,Risk_Register!$H$3:$H$9999,4) | F6: =COUNTIFS(Risk_Register!$G$3:$G$9999,2,Risk_Register!$H$3:$H$9999,5) | I6: =COUNTIFS(Risk_Register!$M$3:$M$9999,2,Risk_Register!$N$3:$N$9999,1) | J6: =COUNTIFS(Risk_Register!$M$3:$M$9999,2,Risk_Register!$N$3:$N$9999,2) | K6: =COUNTIFS(Risk_Register!$M$3:$M$9999,2,Risk_Register!$N$3:$N$9999,3) | L6: =COUNTIFS(Risk_Register!$M$3:$M$9999,2,Risk_Register!$N$3:$N$9999,4) | M6: =COUNTIFS(Risk_Register!$M$3:$M$9999,2,Risk_Register!$N$3:$N$9999,5)
B7: =COUNTIFS(Risk_Register!$G$3:$G$9999,3,Risk_Register!$H$3:$H$9999,1) | C7: =COUNTIFS(Risk_Register!$G$3:$G$9999,3,Risk_Register!$H$3:$H$9999,2) | D7: =COUNTIFS(Risk_Register!$G$3:$G$9999,3,Risk_Register!$H$3:$H$9999,3) | E7: =COUNTIFS(Risk_Register!$G$3:$G$9999,3,Risk_Register!$H$3:$H$9999,4) | F7: =COUNTIFS(Risk_Register!$G$3:$G$9999,3,Risk_Register!$H$3:$H$9999,5) | I7: =COUNTIFS(Risk_Register!$M$3:$M$9999,3,Risk_Register!$N$3:$N$9999,1) | J7: =COUNTIFS(Risk_Register!$M$3:$M$9999,3,Risk_Register!$N$3:$N$9999,2) | K7: =COUNTIFS(Risk_Register!$M$3:$M$9999,3,Risk_Register!$N$3:$N$9999,3) | L7: =COUNTIFS(Risk_Register!$M$3:$M$9999,3,Risk_Register!$N$3:$N$9999,4) | M7: =COUNTIFS(Risk_Register!$M$3:$M$9999,3,Risk_Register!$N$3:$N$9999,5)
B8: =COUNTIFS(Risk_Register!$G$3:$G$9999,4,Risk_Register!$H$3:$H$9999,1) | C8: =COUNTIFS(Risk_Register!$G$3:$G$9999,4,Risk_Register!$H$3:$H$9999,2) | D8: =COUNTIFS(Risk_Register!$G$3:$G$9999,4,Risk_Register!$H$3:$H$9999,3) | E8: =COUNTIFS(Risk_Register!$G$3:$G$9999,4,Risk_Register!$H$3:$H$9999,4) | F8: =COUNTIFS(Risk_Register!$G$3:$G$9999,4,Risk_Register!$H$3:$H$9999,5) | I8: =COUNTIFS(Risk_Register!$M$3:$M$9999,4,Risk_Register!$N$3:$N$9999,1) | J8: =COUNTIFS(Risk_Register!$M$3:$M$9999,4,Risk_Register!$N$3:$N$9999,2) | K8: =COUNTIFS(Risk_Register!$M$3:$M$9999,4,Risk_Register!$N$3:$N$9999,3) | L8: =COUNTIFS(Risk_Register!$M$3:$M$9999,4,Risk_Register!$N$3:$N$9999,4) | M8: =COUNTIFS(Risk_Register!$M$3:$M$9999,4,Risk_Register!$N$3:$N$9999,5)
B9: =COUNTIFS(Risk_Register!$G$3:$G$9999,5,Risk_Register!$H$3:$H$9999,1) | C9: =COUNTIFS(Risk_Register!$G$3:$G$9999,5,Risk_Register!$H$3:$H$9999,2) | D9: =COUNTIFS(Risk_Register!$G$3:$G$9999,5,Risk_Register!$H$3:$H$9999,3) | E9: =COUNTIFS(Risk_Register!$G$3:$G$9999,5,Risk_Register!$H$3:$H$9999,4) | F9: =COUNTIFS(Risk_Register!$G$3:$G$9999,5,Risk_Register!$H$3:$H$9999,5) | I9: =COUNTIFS(Risk_Register!$M$3:$M$9999,5,Risk_Register!$N$3:$N$9999,1) | J9: =COUNTIFS(Risk_Register!$M$3:$M$9999,5,Risk_Register!$N$3:$N$9999,2) | K9: =COUNTIFS(Risk_Register!$M$3:$M$9999,5,Risk_Register!$N$3:$N$9999,3) | L9: =COUNTIFS(Risk_Register!$M$3:$M$9999,5,Risk_Register!$N$3:$N$9999,4) | M9: =COUNTIFS(Risk_Register!$M$3:$M$9999,5,Risk_Register!$N$3:$N$9999,5)

Sheet Dashboard
A1: Dashboard — Risk KPIs & Distributions (Enhanced)
A3: Total Risks | B3: =COUNTA(Risk_Register!A3:A9999) | D3: Residual Level | E3: Count | H3: Category | I3: High+Critical
D4: Low | E4: =COUNTIF(Risk_Register!P3:P9999,"Low") | H4: Strategic | I4: =COUNTIFS(Risk_Register!B3:B9999,"Strategic",Risk_Register!P3:P9999,"High")+COUNTIFS(Risk_Register!B3:B9999,"Strategic",Risk_Register!P3:P9999,"Critical")
A5: High & Critical (Residual) | B5: =COUNTIF(Risk_Register!P3:P9999,"High")+COUNTIF(Risk_Register!P3:P9999,"Critical") | D5: Medium | E5: =COUNTIF(Risk_Register!P3:P9999,"Medium") | H5: Financial | I5: =COUNTIFS(Risk_Register!B3:B9999,"Financial",Risk_Register!P3:P9999,"High")+COUNTIFS(Risk_Register!B3:B9999,"Financial",Risk_Register!P3:P9999,"Critical")
D6: High | E6: =COUNTIF(Risk_Register!P3:P9999,"High") | H6: Operational | I6: =COUNTIFS(Risk_Register!B3:B9999,"Operational",Risk_Register!P3:P9999,"High")+COUNTIFS(Risk_Register!B3:B9999,"Operational",Risk_Register!P3:P9999,"Critical")
A7: Open Actions | B7: =COUNTIF(Action_Plan!H3:H9999,"Open")+COUNTIF(Action_Plan!H3:H9999,"In progress") | D7: Critical | E7: =COUNTIF(Risk_Register!P3:P9999,"Critical") | H7: Compliance | I7: =COUNTIFS(Risk_Register!B3:B9999,"Compliance",Risk_Register!P3:P9999,"High")+COUNTIFS(Risk_Register!B3:B9999,"Compliance",Risk_Register!P3:P9999,"Critical")
H8: IT | I8: =COUNTIFS(Risk_Register!B3:B9999,"IT",Risk_Register!P3:P9999,"High")+COUNTIFS(Risk_Register!B3:B9999,"IT",Risk_Register!P3:P9999,"Critical")
A9: Overdue Actions | B9: =COUNTIFS(Action_Plan!H3:H9999,"<>Closed",Action_Plan!F3:F9999,"<"&TODAY()) | H9: Security | I9: =COUNTIFS(Risk_Register!B3:B9999,"Security",Risk_Register!P3:P9999,"High")+COUNTIFS(Risk_Register!B3:B9999,"Security",Risk_Register!P3:P9999,"Critical")
H10: HSE | I10: =COUNTIFS(Risk_Register!B3:B9999,"HSE",Risk_Register!P3:P9999,"High")+COUNTIFS(Risk_Register!B3:B9999,"HSE",Risk_Register!P3:P9999,"Critical")
A11: Due next 7 days (Actions) | B11: =COUNTIFS(Action_Plan!H3:H9999,"<>Closed",Action_Plan!F3:F9999,">="&TODAY(),Action_Plan!F3:F9999,"<="&TODAY()+7) | H11: Reputational | I11: =COUNTIFS(Risk_Register!B3:B9999,"Reputational",Risk_Register!P3:P9999,"High")+COUNTIFS(Risk_Register!B3:B9999,"Reputational",Risk_Register!P3:P9999,"Critical")
H12: Project | I12: =COUNTIFS(Risk_Register!B3:B9999,"Project",Risk_Register!P3:P9999,"High")+COUNTIFS(Risk_Register!B3:B9999,"Project",Risk_Register!P3:P9999,"Critical")
A13: Avg Residual Score | B13: =AVERAGEIF(Risk_Register!O3:O9999,">0")
A17: Velocity | B17: Count
A18: Fast | B18: =COUNTIF(Risk_Register!V3:V9999,"Fast")
A19: Medium | B19: =COUNTIF(Risk_Register!V3:V9999,"Medium")
A20: Slow | B20: =COUNTIF(Risk_Register!V3:V9999,"Slow")

Sheet Flux_Risque
A1: Descendance des Flux — Processus de Gestion des Risques
A3: 1. Identification | C3: 2. Évaluation | E3: 3. Traitement | G3: 4. Suivi & Reporting | I3: 5. Réexamen
B4: → | D4: → | F4: → | H4: →
A8: Entrées & Sorties par étape
A9: Étape | B9: Entrées (Inputs) | C9: Sorties (Outputs)
A10: Identification | B10: Incidents, audits, ateliers, SWOT, KRI, carto process | C10: Registre initial des risques
A11: Évaluation | B11: L/I inhérents, contrôles, efficacité | C11: Scores inhérents, niveaux, plan d'évaluation résiduelle
A12: Traitement | B12: Stratégie (A/R/T/A), plan d'action | C12: Scores résiduels, propriétaires, échéances
A13: Suivi & Reporting | B13: Actions, statuts, KPI, incidents | C13: Rappels, rapports, escalades
A14: Réexamen | B14: Changements, revues périodiques | C14: Registre à jour, nouvelles priorités
